Map: Port Aleksander LE

Players

Lambo - Winner!

  • Race: Zerg Zerg
  • Spawn Location: 5:00

Elazer

  • Race: Zerg Zerg
  • Spawn Location: 11:00

Event: 2019 WCS Winter Europe

VOD

Have the link to the VOD?

Description

Time

  • Played on: April 7, 2019, 11:11 a.m.
  • Length: 11:31

All games in this series

Show
View Real Time Build Order
Export as new Build Order

Lambo Zerg - Winner!

Build Orders: Hatch First 

Get SALT Encoding   

  12  0:01  Drone  
  13  0:12  Overlord  
  13  0:17  Drone  
  14  0:31  Drone x2  
  16  0:49  Hatchery  
  15  0:52  Drone  
  15  0:56  Drone  
  17  0:59  Drone  
  18  1:10  Extractor  
  17  1:15  Spawning Pool  
  16  1:18  Drone  
  16  1:22  Drone  
  18  1:28  Drone  
  19  1:38  Drone  
  20  1:49  Drone  
  21  2:01  Drone  
  22  2:03  Queen x2, Overlord  
  26  2:10  Drone  
  26  2:11  Drone  
  26  2:14  Metabolic Boost  
  28  2:22  Drone, Zergling x2  
  30  2:32  Drone  
  31  2:37  Drone  
  31  2:42  Hatchery  
  31  2:43  Zergling x2  
  32  2:49  Zergling x2  
  32  2:50  Baneling Nest  
  32  2:57  Overlord  
  32  3:00  Drone  
  32  3:04  Drone  
  34  3:09  Drone  
  34  3:10  Evolution Chamber  
  34  3:11  Drone  
  34  3:12  Drone  
  36  3:16  Zergling x4  
  38  3:20  Drone  
  38  3:21  Overlord  
  38  3:23  Drone  
  38  3:27  Drone  
  41  3:30  Drone  
  42  3:36  Zerg Melee Weapons Level 1  
  42  3:37  Drone  
  42  3:40  Queen  
  45  3:42  Drone  
  45  3:44  Drone  
  45  3:46  Drone  
  45  3:48  Drone  
  49  3:50  Drone  
  49  3:52  Extractor  
  49  3:54  Extractor  
  48  3:56  Drone  
  48  3:58  Drone x2  
  48  4:01  Drone  
  52  4:03  Overlord  
  52  4:05  Drone  
  53  4:10  Lair  
  53  4:11  Drone  
  53  4:14  Drone x2  
  55  4:20  Drone x2  
  58  4:24  Drone x2  
  58  4:28  Roach Warren  
  58  4:30  Drone x2  
  60  4:33  Drone x2  
  60  4:37  Drone  
  60  4:38  Drone  
  64  4:39  Overlord  
  64  4:40  Extractor  
  64  4:43  Drone  
  64  4:47  Drone x2  
  65  5:00  Extractor  
  65  5:01  Extractor  
  65  5:05  Overlord  
  64  5:07  Zergling x14  
  64  5:10  Overlord  
  64  5:11  Spire  
  64  5:12  Overlord  
  64  5:14  Zergling x4  
  71  5:18  Baneling x4  
  71  5:20  Zergling x4  
  73  5:25  Baneling x5  
  73  5:28  Zergling x14  
  78  5:43  Zergling x12  
  84  5:52  Overlord  
  82  6:15  Zergling x24  
  91  6:24  Mutalisk x6  
  97  6:28  Mutalisk  
  97  6:30  Mutalisk  
  98  6:33  Zerg Flyer Armor Level 1  
  98  6:36  Mutalisk x3  
  104  6:45  Mutalisk  
  106  6:50  Overlord  
  106  6:51  Overlord x2  
  106  6:54  Overlord  
  104  6:55  Overlord  
  104  6:58  Overlord  
  104  7:00  Mutalisk  
  104  7:05  Overlord  
  104  7:06  Overlord  
  104  7:12  Overlord  
  104  7:17  Mutalisk x3  
  107  7:23  Mutalisk x2  
  103  7:32  Mutalisk x2  
  103  7:34  Zergling x6  
  108  7:39  Spore Crawler  
  108  7:40  Mutalisk  
  108  7:42  Zergling x4  
  111  7:45  Mutalisk  
  112  7:51  Mutalisk  
  112  8:04  Mutalisk x2  
  112  8:05  Zergling x14  
  122  8:11  Mutalisk  
  125  8:13  Zergling x4  
  125  8:14  Zergling x2  
  125  8:17  Mutalisk  
  130  8:21  Zergling x6  
  133  8:28  Mutalisk x2  
  137  8:34  Mutalisk  
  137  8:37  Zergling x6  
  142  8:47  Overlord  
  142  8:52  Mutalisk x2  
  142  8:53  Zergling x8  
  139  8:58  Zergling x2  
  139  8:59  Zergling x6  
  139  9:02  Zergling x2  
  117  9:05  Mutalisk  
  117  9:07  Zergling x2  
  111  9:16  Mutalisk x3  
  116  9:21  Mutalisk  
  118  9:24  Zergling x6  
  118  9:28  Mutalisk  
  120  9:34  Zerg Flyer Weapons Level 1  
  120  9:38  Mutalisk  
  121  9:46  Mutalisk  
  121  9:50  Mutalisk  
  125  9:57  Mutalisk  
  119  10:00  Zergling x18  
  119  10:06  Mutalisk  
  124  10:13  Mutalisk  
  117  10:15  Zergling x10  
  117  10:18  Mutalisk  
  123  10:25  Mutalisk x2  
  123  10:28  Spore Crawler  
  118  10:29  Spore Crawler  
  118  10:32  Zergling x2  
  113  10:36  Mutalisk  
  113  10:40  Mutalisk  
  115  10:44  Mutalisk  
  115  10:49  Zergling x2  
  117  10:50  Zergling x6  
  112  10:57  Mutalisk x2  
  112  11:03  Zergling x8  
  105  11:08  Zergling x2  
Show
View Real Time Build Order
Export as new Build Order

Elazer Zerg 

Build Orders: Hatch First 

Get SALT Encoding   

  12  0:00  Drone  
  13  0:12  Overlord  
  13  0:17  Drone  
  14  0:30  Drone x2  
  16  0:48  Hatchery  
  15  0:51  Drone  
  15  0:56  Drone  
  17  0:59  Drone  
  18  1:10  Extractor  
  17  1:14  Spawning Pool  
  17  1:17  Drone  
  17  1:21  Drone  
  18  1:28  Drone  
  19  1:38  Drone  
  20  1:49  Drone  
  21  1:59  Overlord  
  21  2:01  Queen x2  
  21  2:02  Drone  
  26  2:10  Metabolic Boost  
  26  2:11  Drone  
  27  2:16  Zergling x2  
  27  2:22  Drone x2  
  30  2:32  Drone x2  
  32  2:41  Hatchery  
  31  2:44  Drone  
  31  2:45  Drone  
  33  2:53  Baneling Nest  
  33  2:56  Overlord  
  33  2:57  Drone  
  33  3:07  Drone x2  
  33  3:10  Drone  
  36  3:14  Queen  
  36  3:15  Drone  
  36  3:17  Overlord  
  36  3:19  Zergling x2  
  40  3:24  Zergling x4  
  40  3:26  Zergling x2  
  43  3:27  Drone  
  44  3:38  Overlord  
  44  3:39  Drone x2  
  46  3:43  Drone x4, Evolution Chamber  
  46  3:45  Drone  
  46  3:48  Drone  
  51  3:53  Lair  
  51  3:57  Overlord  
  51  4:01  Drone x2  
  53  4:03  Drone x2  
  53  4:08  Drone  
  53  4:09  Extractor x2  
  54  4:15  Drone x3  
  57  4:21  Drone  
  57  4:22  Roach Warren  
  57  4:24  Drone  
  58  4:25  Drone  
  58  4:26  Drone  
  58  4:27  Drone  
  61  4:32  Drone x3  
  61  4:35  Overlord  
  61  4:36  Drone  
  61  4:37  Zerg Melee Weapons Level 1  
  66  4:38  Drone  
  66  4:40  Extractor  
  66  4:42  Extractor  
  64  4:49  Extractor  
  64  4:51  Zergling x16  
  71  4:59  Spire  
  71  5:00  Drone x4  
  74  5:07  Overlord  
  74  5:16  Drone x5  
  74  5:18  Overlord  
  74  5:20  Baneling x2  
  74  5:21  Overlord  
  79  5:25  Overlord  
  79  5:26  Drone x3  
  81  5:32  Overlord  
  80  5:49  Zergling x8  
  84  5:55  Zergling x16, Evolution Chamber  
  90  6:00  Baneling  
  90  6:03  Zergling x14  
  95  6:08  Baneling x3  
  75  6:25  Mutalisk x10  
  67  6:31  Mutalisk  
  88  6:32  Extractor  
  88  6:35  Queen  
  89  6:42  Zergling x8  
  93  6:48  Mutalisk x2  
  96  6:54  Mutalisk x2  
  96  6:58  Overlord  
  100  7:02  Mutalisk  
  100  7:04  Zergling x10  
  107  7:08  Overlord  
  107  7:18  Overlord x2  
  105  7:27  Drone x3  
  98  7:32  Mutalisk x3  
  98  7:33  Mutalisk x2  
  108  7:40  Zerg Flyer Weapons Level 1  
  108  7:42  Drone x3  
  111  7:46  Mutalisk  
  111  7:48  Zergling x2  
  114  7:51  Overlord  
  114  7:59  Mutalisk x2  
  114  8:03  Mutalisk  
  118  8:06  Zergling x2  
  118  8:08  Overlord  
  118  8:12  Queen  
  121  8:17  Overlord  
  121  8:18  Mutalisk  
  123  8:21  Mutalisk  
  123  8:27  Mutalisk  
  125  8:28  Mutalisk  
  125  8:31  Zergling x4  
  131  8:36  Mutalisk  
  131  8:38  Overlord  
  131  8:40  Mutalisk  
  135  8:46  Overlord x2  
  120  8:58  Mutalisk x2  
  120  9:00  Zergling x10  
  94  9:14  Mutalisk x2  
  98  9:21  Zergling x2  
  98  9:22  Zergling x8  
  103  9:29  Mutalisk  
  105  9:31  Mutalisk  
  105  9:37  Mutalisk  
  109  9:39  Zergling x4  
  111  9:56  Mutalisk x4  
  108  10:00  Zergling x2  
  108  10:01  Zergling x4  
  98  10:11  Mutalisk x2  
  99  10:15  Mutalisk  
  99  10:19  Zergling x2  
  91  10:22  Zergling x2  
  89  10:34  Zergling x6  
  89  10:41  Zergling x2  
  90  10:47  Zergling x2  
  87  10:53  Zergling x2  
  53  11:04  Zergling x2  
Tags
 
Add a new tag
Caveats
  • Supply blocks, unpowered buildings, or Contaminate may cause inaccurate times.
  • Supply counts are checked every 10 seconds.